General information
			
			
        
        - name: 1v1 pro / obs #62
 
        - type: Custom game
 
        - host: StealthNinj4
 
        - saver: MrFrosty
 
        
map: TwistedMeadows 
        - players: 11
 
        - length: 13:45
 
        - speed: Fast
 - version: 1.22 W3XP
 - replay type:  Public
 
» download(61 KB)
Players
        team 1 (winner) 
              
              
MrFrosty (
red | 120 APM | 1670 actions | 13:53)
              
 5 Archmage 
 3 Summon Water Elemental
 2 Brilliance Aura
 2 Mountain King 
 1 Storm Bolt
 1 Thunder Clap
 
                » actions 
                
                | Assign group hotkey | 29 |  | 
| Basic commands | 18 |  | 
| Build / train | 68 |  | 
| ESC pressed | 1 |  | 
| Enter build submenu | 25 |  | 
| Enter hero's abilities submenu | 7 |  | 
| Right click | 844 |  | 
| Select / deselect | 351 |  | 
| Select group hotkey | 255 |  | 
| Use ability | 72 |  | 
                1670 total
 » units 
                
                | Peasant | 18 |  | 
| Footman | 16 |  | 
| Priest | 5 |  | 
| Sorceress | 3 |  | 
| Spell Breaker | 2 |  | 
                44 total
 » buildings
                
                | Altar of Kings | 2 |  | 
| Farm | 9 |  | 
| Barracks | 1 |  | 
| Arcane Vault | 2 |  | 
| Keep | 1 |  | 
| Lumber Mill | 1 |  | 
| Scout Tower | 5 |  | 
| Guard Tower | 4 |  | 
| Town Hall | 1 |  | 
| Arcane Sanctum | 2 |  | 
| Blacksmith | 1 |  | 
| Workshop | 1 |  | 
                30 total
 » build order
                00:08 Altar of Kings
00:13 Farm
00:17 Farm
00:47 Barracks
01:12 Farm
02:30 Farm
02:39 Farm
03:24 Arcane Vault
04:08 Farm
04:25 Keep
04:33 Lumber Mill
04:57 Scout Tower
05:39 Guard Tower
06:07 Town Hall
06:09 Scout Tower
06:10 Scout Tower
07:05 Scout Tower
07:34 Arcane Sanctum
07:39 Guard Tower
07:49 Arcane Vault
07:50 Guard Tower
10:03 Altar of Kings
11:09 Blacksmith
11:14 Guard Tower
11:43 Arcane Sanctum
12:43 Workshop
12:46 Farm
12:47 Farm
12:48 Farm
13:00 Scout Tower
» items
                
                | Boots of Speed | 1 |  | 
| Scroll of Regeneration | 2 |  | 
| Lesser Clarity Potion | 1 |  | 
| Potion of Healing | 2 |  | 
| Potion of Mana | 1 |  | 
                7 total
  
               team 2 (loser) 
              
              
Sarin_RaNFY (
blue | 174 APM | 2404 actions | 13:47)
              
 5 Priestess of the Moon 
 3 Trueshot Aura
 2 Searing Arrows
 
                » actions 
                
                | Assign group hotkey | 101 |  | 
| Basic commands | 219 |  | 
| Build / train | 67 |  | 
| Enter build submenu | 8 |  | 
| Enter hero's abilities submenu | 5 |  | 
| Right click | 457 |  | 
| Select / deselect | 715 |  | 
| Select group hotkey | 821 |  | 
| Use ability | 9 |  | 
                2404 total
 » units 
                
                | Wisp | 9 |  | 
| Archer | 2 |  | 
| Huntress | 37 |  | 
| Glaive Thrower | 2 |  | 
                50 total
 » upgrades
                
                | Strength of the Moon | 2 |  | 
| Moon Armor | 2 |  | 
                4 total
 » buildings
                
                | Moon Well | 4 |  | 
| Ancient of War | 2 |  | 
| Altar of Elders | 1 |  | 
| Hunter's Hall | 1 |  | 
| Tree of Ages | 2 |  | 
| Tree of Eternity | 1 |  | 
                11 total
 » build order
                00:17 Moon Well
01:29 Ancient of War
01:31 Ancient of War
01:33 Altar of Elders
02:01 Hunter's Hall
02:18 Moon Well
04:08 Tree of Ages
04:08 Tree of Ages
04:41 Moon Well
05:36 Moon Well
12:35 Tree of Eternity
 
               refereesStealthNinj4, 
Hwang13, 
Rabid_Beaver, 
noobryand, 
ChaiChai, 
IPAQ, 
GgXx_, 
LolotheBunny, 
ArzelFallen Chat log
          
(06:37 / All) Sarin_RaNFY: wait
(06:40 / All) Sarin_RaNFY: sorr y wait
(06:47 / All) MrFrosty: yes
(06:52 / All) MrFrosty: worthless faggots
(06:58 / All) IPAQ: ccb dun save!